 Dungeon Crawl Stone Soup version 0.29-a0-384-g6960b1960d (webtiles) character file.

Game seed: 2883809953641944170

688 jlumianski the Chopper (level 7, 0/54 HPs)
             Began as a Demonspawn Fighter on May 7, 2022.
             Slain by a black bear (1 damage)
             ... on level 4 of the Dungeon.
             The game lasted 00:13:46 (3476 turns).

jlumianski the Chopper (Demonspawn Fighter)         Turns: 3476, Time: 00:13:48

Health: 0/54       AC: 13    Str: 18    XL:     7   Next: 36%
Magic:  7/7        EV:  9    Int: 10    God:
Gold:   250        SH:  4    Dex: 12    Spells: 6/6 levels left

rFire   . . .      SeeInvis .   a - +0 war axe
rCold   . . .      Faith    .   c - +0 buckler
rNeg    . . .      Spirit   .   g - +0 chain mail
rPois   .          Reflect  .   e - +0 helmet
rElec   .          Harm     .   (no cloak)
rCorr   .          Rampage  .   p - +0 pair of gloves
Will    .....                   q - +0 pair of boots
Stlth   ..........              m - amulet of regeneration
HPRegen 0.98/turn               (no ring)
MPRegen 0.10/turn               (no ring)

@: no status effects
A: claws 2, repulsion field 1, ignite blood 2
a: no special abilities


You were on level 4 of the Dungeon.
You visited 1 branch of the dungeon, and saw 5 of its levels.

You collected 250 gold pieces.

Inventory:

Hand Weapons
 a - a +0 war axe (weapon)
 t - a +1 whip of venom
Missiles
 i - 197 stones
 s - 2 javelins
 u - 5 boomerangs (quivered)
Armour
 b - a +0 scale mail
 c - a +0 buckler (worn)
 e - a +0 helmet (worn)
 f - an orb of light
 g - a +0 chain mail (worn)
 o - an orb of wrath
 p - a +0 pair of gloves (worn)
 q - a +0 pair of boots (worn)
Magical Staves
 r - a staff of fire
Jewellery
 m - an amulet of regeneration (around neck)
Scrolls
 h - 2 scrolls of teleportation
 n - a scroll of immolation
Potions
 d - a potion of might
 j - 2 potions of heal wounds
 k - 2 potions of curing
 l - a potion of flight


   Skills:
 + Level 4.2 Fighting
 + Level 5.4 Axes
 + Level 0.7 Throwing
 + Level 4.5 Armour
 + Level 0.3 Dodging
 + Level 3.3 Shields


You had 6 spell levels left.
You didn't know any spells.
Your spell library contained the following spells:

 Spells                   Type           Power      Damage    Failure   Level
 Stone Arrow              Conj/Erth      0%         3d7       100%        3
 Animate Armour           Summ/Erth      0%         N/A       100%        4
 Dispersal                Tloc           0%         N/A       100%        6
 Disjunction              Tloc           0%         N/A       100%        8
 Lehudib's Crystal Spear  Conj/Erth      0%         10d2      100%        8


Dungeon Overview and Level Annotations

Branches:
Dungeon (5/15)
 Temple: D:4-7

Altars:
Fedhas
Gozag
Hepliaklqana
Okawaru
Vehumet

Annotations:
D:4 Prince Ribbit


Innate Abilities, Weirdness & Mutations

You have very sharp fingernails.
You are surrounded by a mild repulsion field. (EV +2)
Your demonic aura often causes spilled blood to erupt in flames.


Message History

The black bear claws you but does no damage.
You climb upwards.
There is a stone staircase leading down here.
You hit the quokka but do no damage. You barely miss Prince Ribbit.
You hit the black bear. You closely miss the iguana.
The quokka bites you but does no damage.
Prince Ribbit barely misses you. The iguana barely misses you.
The black bear bites you but does no damage.
You block the black bear's attack. The black bear claws you.
You closely miss the quokka. You barely miss Prince Ribbit.
You hit the black bear. You completely miss the iguana.
Prince Ribbit hits you but does no damage.
The quokka barely misses you. Prince Ribbit closely misses you.
The black bear bites you. The black bear barely misses you.
The black bear claws you but does no damage.
The iguana bites you but does no damage.
The quokka barely misses you.
You closely miss the quokka. You barely miss the iguana.
You closely miss the black bear. You miss Prince Ribbit.
Prince Ribbit hits you but does no damage.
You block the quokka's attack.
The black bear bites you but does no damage.
The black bear claws you but does no damage.
You block the black bear's attack.
The iguana bites you but does no damage.
Prince Ribbit hits you! You block the quokka's attack.
You slash the quokka!
You kill the quokka!
You closely miss the iguana. You barely miss the black bear.
You hit Prince Ribbit. Prince Ribbit hits you!
* * * LOW HITPOINT WARNING * * *
The black bear bites you but does no damage.
The black bear barely misses you.
The black bear claws you but does no damage.
The iguana bites you!
* * * LOW HITPOINT WARNING * * *
Prince Ribbit hits you.
* * * LOW HITPOINT WARNING * * *
The black bear bites you.
You die...

#........# ###.##### ##..
####.##..# ##..># #.. #.##..#
#..### #.. #.#...# ##.## ######
#...#.###..# #.....
####..##.##..## ###.####
#.....##.##.########...#
#####.##.###.#l.#........### #
#..........#.#@##.######## #
#............h†F..# #
#..........#...################
########......#................
#........#############..
#...################ #..
#..##..............###..
####......)........'.#..
##................#..).


You could see Prince Ribbit, a black bear and an iguana.

Vanquished Creatures
  A water moccasin (D:5)
  A bullfrog (D:3)
  2 necrophages (D:4)
  2 scorpions (D:4)
  An orc priest (D:3)
  2 iguanas (D:5)
  An orc wizard (D:3)
  Robin (D:2)
  3 adders
  2 gnolls (D:4)
  4 worms
  3 dart slugs
  5 orcs
  5 ball pythons
  7 endoplasms
  4 giant cockroaches
  17 goblins
  11 hobgoblins
  4 jackals (D:1)
  6 quokkas
  5 bats
  7 frilled lizards
  8 kobolds
  7 rats
109 creatures vanquished.

Notes
Turn   | Place    | Note
-------+----------+-------------------------------------------
     0 | D:1      | jlumianski the Demonspawn Fighter began the quest for the
                  | Orb.
     0 | D:1      | Reached XP level 1. HP: 18/18 MP: 1/1
    99 | D:1      | Gained mutation: You have sharp fingernails. [demonic
                  | ancestry]
    99 | D:1      | Reached XP level 2. HP: 16/24 MP: 2/2
   383 | D:1      | Reached skill level 2 in Axes
   399 | D:1      | You fall into a shaft and drop 1 floor!
   569 | D:1      | Gained mutation: Your demonic aura sometimes causes spilled
                  | blood to erupt in flames. [demonic ancestry]
   569 | D:1      | Reached XP level 3. HP: 28/29 MP: 3/3
   971 | D:2      | Noticed Robin
  1078 | D:2      | Killed Robin
  1079 | D:2      | Gained mutation: Your demonic aura often causes spilled
                  | blood to erupt in flames. [demonic ancestry]
  1079 | D:2      | Reached XP level 4. HP: 34/35 MP: 4/4
  1106 | D:2      | Found a faded altar of an unknown god.
  1112 | D:2      | Reached skill level 3 in Axes
  1644 | D:3      | Found a large runed translucent door.
  1648 | D:3      | Found a large runed translucent door.
  2031 | D:3      | Noticed a bullfrog
  2050 | D:3      | Gained mutation: You have very sharp fingernails. [demonic
                  | ancestry]
  2050 | D:3      | Reached XP level 5. HP: 27/41 MP: 5/5
  2057 | D:3      | Reached skill level 4 in Axes
  2273 | D:3      | Found an opulent altar of Gozag.
  2280 | D:3      | Found a hazy altar of Hepliaklqana.
  2412 | D:4      | Gained mutation: You are surrounded by a mild repulsion
                  | field. (EV +2) [demonic ancestry]
  2412 | D:4      | Reached XP level 6. HP: 41/48 MP: 6/6
  2614 | D:4      | Found a blossoming altar of Fedhas.
  2617 | D:4      | Found a radiant altar of Vehumet.
  2992 | D:4      | Found an iron altar of Okawaru.
  3124 | D:5      | Entered Level 5 of the Dungeon
  3141 | D:5      | Reached skill level 5 in Axes
  3175 | D:5      | Noticed a water moccasin
  3185 | D:5      | Killed a water moccasin
  3186 | D:5      | Reached XP level 7. HP: 12/54 MP: 7/7
  3386 | D:5      | Noticed Prince Ribbit
  3476 | D:4      | HP: 1/54 [Prince Ribbit (5)]
  3476 | D:4      | Slain by a black bear

Illustrated notes

Levels and vault maps discovered:
D:1:      pf_arrival_petrified_forest, layout_loops_ring
D:2:      layout_rooms, ebering_ecumenical_altar_abandoned,
          kennysheep_generic_room_13, uniq_robin
D:3:      layout_basic, jmf_multi_god_temple2, kennysheep_generic_room_11
D:4:      layout_rooms, okawaru_altar_gauntlet_db, nicolae_overflow_squiral,
          minivault_5, hangedman_decor_points, hangedman_decor_riveting,
          nrook_uturn
D:5:      layout_cave_pods, uniq_sigmund, uniq_crazy_yiuf_cottage,
          uniq_prince_ribbit1, uniq_edmund

Skill      XL: |  1  2  3  4  5  6 |
---------------+-------------------+-----
Armour         | 3 4 |  4.5
Axes           | 2 3 4 5 |  5.4
Shields        | 3 |  3.3
Fighting       | 4 |  4.2
Throwing       | |  0.7
Dodging        | |  0.3

Action                   |  1- 3 |  4- 6 |  7- 9 || total
-------------------------+-------+-------+-------++-------
Melee: War axe           |   103 |   191 |    26 ||   320
Throw: Stone             |     3 |    20 |       ||    23
       Boomerang         |       |     3 |       ||     3
  Use: Scroll            |     7 |     2 |       ||     9
       Potion            |       |     2 |       ||     2
Armor: Scale mail        |    77 |    13 |       ||    90
       Chain mail        |       |    84 |    35 ||   119
Dodge: Dodged            |    59 |    76 |    33 ||   168
Block: Buckler           |    33 |    36 |    15 ||    84

Table legend: (Time is in decaauts)
 A = Elapsed time spent in this place.
 B = Non-inter-level travel time spent in this place.
 C = Inter-level travel time spent in this place.
 D = Time resting spent in this place.
 E = Time spent auto-exploring this place.
 F = Levels seen in this place.
 G = Mean time per level.
                   A        B        C        D        E       F      G
               +--------+--------+--------+--------+--------+-----+--------+
         Total |   3601 |   3520 |     81 |     59 |   1967 |   5 |  720.2 |
       Dungeon |   3601 |   3520 |     81 |     59 |   1967 |   5 |  720.2 |
               +--------+--------+--------+--------+--------+-----+--------+

Top non-repeatable levels by time:
     D:1: 1052 daAuts
     D:4: 933 daAuts
     D:3: 745 daAuts
     D:2: 592 daAuts
     D:5: 278 daAuts
